 Dungeon Crawl Stone Soup version 0.19.1 (webtiles) character file.

93 truemonolith the Covert (level 4, -1/22 HPs)
             Began as a Spriggan Assassin on Nov 26, 2016.
             Slain by a centaur (7 damage)
             ... on level 4 of the Dungeon.
             The game lasted 00:04:24 (3292 turns).

truemonolith the Covert (Spriggan Assassin)         Turns: 3292, Time: 00:04:25

Health: -1/22      AC:  6    Str:  7    XL:     4   Next: 36%
Magic:  5/5        EV: 17    Int: 12    God:
Gold:   150        SH:  0    Dex: 18    Spells: 0 memorised, 3 levels left

rFire  . . .     SeeInvis +     a - +3 dagger
rCold  . . .     Gourm    .     q - +2 robe {MR+}
rNeg   . . .     Faith    .     (shield restricted)
rPois  .         Spirit   .     (helmet restricted)
rElec  .         Reflect  .     d - +1 cloak
rCorr  .         Harm     .     (gloves unavailable)
MR     +....                    (boots unavailable)
Stlth  ++++......               (no amulet)
                                (no ring)
                                l - ring of see invisible

@: very quick
A: unfitting armour, see invisible, herbivore 3, speed 3, slow metabolism 2
a: no special abilities


You were on level 4 of the Dungeon.
You were not hungry.

You visited 1 branch of the dungeon, and saw 4 of its levels.

You collected 150 gold pieces.

Inventory:

Hand Weapons
 a - a +3 dagger (weapon)
 b - a +0 blowgun
 m - a cursed +0 rapier
Missiles
 e - 25 poisoned needles
 f - 2 curare-tipped needles
 s - 7 needles of sleeping
Armour
 d - a +1 cloak (worn)
 q - a +2 robe of magic resistance (worn)
Jewellery
 l - a ring of see invisible (left hand)
Scrolls
 c - a scroll of amnesia
 o - 3 scrolls of remove curse
 p - 4 scrolls of teleportation
Potions
 i - a potion of ambrosia
 j - a potion of might {unknown}
 k - a potion of invisibility {unknown}
 n - a potion of curing {unknown}
 r - a potion of magic {unknown}
Comestibles
 g - a bread ration


   Skills:
 - Level 1.5 Fighting
 - Level 3.1 Short Blades
 - Level 2.0 Throwing
 - Level 1.5 Dodging
 + Level 8.2 Stealth


You had 3 spell levels left.
You didn't know any spells.

Dungeon Overview and Level Annotations

Branches:
Dungeon (4/15)
 Temple: D:4-7

Altars:


Innate Abilities, Weirdness & Mutations

You are very small and have problems with some larger weapons.
You are too small for most types of armour.
You have supernaturally acute eyesight. (SInv)
You are a herbivore.
You cover ground extremely quickly.
You need consume almost no food.


Message History

You hit the centaur.
The centaur is moderately wounded.
The centaur misses you.
You hit the centaur.
The centaur is moderately wounded.
The centaur misses you.
You barely miss the centaur.
The centaur is moderately wounded.
The centaur barely misses you. x2
You closely miss the centaur.
The centaur is moderately wounded.
The centaur misses you.
You barely miss the centaur.
The centaur is moderately wounded.
The centaur hits you.
* * * LOW HITPOINT WARNING * * *
You hit the centaur but do no damage.
The centaur is moderately wounded.
The centaur hits you!
You die...

#.# .... #.#
#.. #.# #.# ##
#.####.###...#.
#..............
#..###†####>...
#..###.# .
#.<##..#
#....@##
#.#.c## #.#..
..... .....
.[..... .......
.......


You could see a centaur.

Vanquished Creatures
  A worker ant (D:4)
  2 adders
  An ooze (D:1)
  2 dart slugs
  A leopard gecko (D:1)
  An orc (D:3)
  8 bats
  4 giant cockroaches
  6 hobgoblins
  2 kobolds
  2 quokkas
  5 frilled lizards
  2 goblins
  3 rats
40 creatures vanquished.

Notes
Turn   | Place    | Note
-------+----------+-------------------------------------------
     0 | D:1      | truemonolith the Spriggan Assassin began the quest for the Orb.
     0 | D:1      | Reached XP level 1. HP: 10/10 MP: 2/2
   293 | D:1      | Reached XP level 2. HP: 10/14 MP: 3/3
   606 | D:1      | Reached skill level 6 in Stealth
  1612 | D:2      | Reached XP level 3. HP: 18/18 MP: 4/4
  1918 | D:2      | Reached skill level 7 in Stealth
  3102 | D:4      | Reached skill level 8 in Stealth
  3102 | D:4      | Reached XP level 4. HP: 12/22 MP: 5/5
  3282 | D:4      | Noticed a centaur
  3292 | D:4      | Slain by a centaur

Skill      XL: |  1  2  3 |
---------------+----------+-----
Short Blades   | 3 |  3.1
Stealth        | 6 8 |  8.2
Fighting       | |  1.5
Throwing       | |  2.0
Dodging        | |  1.5

Action                   |  1- 3 |  4- 6 || total
-------------------------+-------+-------++-------
Melee: Dagger            |   130 |    12 ||   142
  Use: Scroll            |     7 |       ||     7
       Potion            |       |     2 ||     2
 Stab: Sleeping          |    18 |       ||    18
Armor: Robe              |    27 |       ||    27
Dodge: Dodged            |    87 |     8 ||    95
